AoeStats
← Michi3052

Arabia

503424132Analyzed
1v1 RM · 1mo ago on Aug 31, 2026· 44m 40s· 2 players
Game mode
Random Map
Map size
Tiny (2 player)
Population
200
Speed
Normal
Resources
Standard
Victory
Conquest
Starting age
Dark Age
Ending age
Imperial Age
RankedLock teamsTeams togetherTeam positionsShared explorationLock speedFull tech treeHidden civsTurbo modeCheats
Victory
Defeat
🇵🇹 Spanish · Portugal
801
+15
🇪🇸 Chinese · Spain
785
-15
Michi3052
11:24 Feudal Age
13:02 Man-at-Arms
20:03 Horse Collar
24:46 Castle Age
22:54 Gold Mining
22:57 Double-Bit Axe
27:19 Wheelbarrow
28:33 Town Watch
29:37 Loom
30:40 Squires
31:52 Arson
33:41 Bow Saw
35:11 Hand Cart
39:49 Imperial Age
37:27 Heavy Plow
38:06 Gold Shaft Mining
37:22 Stone Mining
39:02 Pikeman
40:36 Scale Mail Armor
40:47 Forging
40:18 Halberdier
41:53 Conscription
41:45 Thumb Ring
42:03 Elite Fire Lancer
43:58 Stone Shaft Mining
44:30 Chemistry
43:50 Ballistics
44:20 Chain Mail Armor
44:41 Iron Casting
Mac Demarco
4:23 Loom
11:51 Feudal Age
17:18 Castle Age
36:38 Imperial Age
34:52 Horse Collar
36:18 Husbandry
36:30 Bloodlines
35:43 Pikeman
36:23 Squires
37:29 Heavy Plow
38:10 Wheelbarrow
37:57 Cavalier
38:00 Halberdier
39:10 Hand Cart
39:26 Double-Bit Axe
41:19 Conscription
40:23 Paladin
41:20 Scale Barding Armor
41:16 Scale Mail Armor
41:26 Forging
43:53 Chain Barding Armor
43:49 Chain Mail Armor
44:09 Iron Casting
43:50 Murder Holes
44:15 Ballistics
Connection lost

Rejoining the realm…

Still unreachable

The connection could not be restored.

Session expired

The server has moved on; the page needs a fresh start.